 Dungeon Crawl Stone Soup version 0.26-b1-32-g5d43845318 (webtiles) character file.

Game seed: 16665503051376391141

66 Borgoz the Cudgeller (level 4, -3/38 HPs)
             Began as a Ghoul Gladiator on Jan 13, 2021.
             Slain by a worm (5 damage)
             ... on level 2 of the Dungeon.
             The game lasted 00:01:58 (2048 turns).

Borgoz the Cudgeller (Ghoul Gladiator)              Turns: 2048, Time: 00:01:58

Health: -3/38      AC:  8    Str: 23    XL:     4   Next: 15%
Magic:  3/3        EV: 12    Int:  3    God:
Gold:   115        SH:  0    Dex: 11    Spells: 3/3 levels left

rFire    . . .     SeeInvis .   a - +0 flail
rCold    + . .     Faith    .   (no shield)
rNeg     + + +     Spirit   .   k - +0 ring mail
rPois    ∞         Reflect  .   c - +0 helmet
rElec    .         Harm     .   (no cloak)
rCorr    .         Rampage  .   j - +1 pair of gloves
Will     .....                  (no boots)
Stlth    +.........             (no amulet)
HPRegen  0.00/turn              i - +6 ring of strength
MPRegen  0.08/turn              (no ring)

@: attractive, slowed, very slow
A: claws 1, cold resistance 1, negative energy resistance 3, inhibited
regeneration, torment resistance, unbreathing
a: no special abilities


You were on level 2 of the Dungeon.
You visited 1 branch of the dungeon, and saw 2 of its levels.

You collected 115 gold pieces.

Inventory:

Hand Weapons
 a - a +0 flail (weapon)
Missiles
 d - 2 throwing nets (quivered)
Armour
 c - a +0 helmet (worn)
 j - a +1 pair of gloves (worn)
 k - a +0 ring mail (worn)
Jewellery
 i - a +6 ring of strength (left hand)
Scrolls
 b - 3 scrolls of identify
 e - a scroll of magic mapping
 h - a scroll of remove curse
Potions
 f - a potion of cancellation


   Skills:
 * Level 3.0 Fighting
 * Level 3.3 Maces & Flails
 - Level 1.7 Throwing
 * Level 1.3 Armour
 * Level 3.2 Dodging


You had 3 spell levels left.
You didn't know any spells.
Your spell library was empty.

Dungeon Overview and Level Annotations

Branches:
Dungeon (2/15)

Altars:
Hepliaklqana
Vehumet


Innate Abilities, Weirdness & Mutations

You thrive by killing the living.
You are immune to poison.
You have sharp fingernails.
Your flesh is cold resistant. (rC+)
You are immune to negative energy. (rN+++)
You do not regenerate when monsters are visible.
You are immune to unholy pain and torment.
You can survive without breathing.


Message History

* * * LOW HITPOINT WARNING * * *
The orc wizard is pulled toward you!
Okay, then.
Throw: 3 throwing nets
Press: ? - help, Q - select action Shift-Dir - straight line, f - worm
Aim: a worm You throw a throwing net.
The throwing net barely misses the worm.
The orc wizard hits you but does no damage.
The worm closely misses you.
You barely miss the worm.
The orc wizard gestures at you while chanting.
You feel yourself slow down. The orc wizard closely misses you.
You barely miss the worm. The orc wizard barely misses you.
The orc wizard hits you but does no damage.
The worm bites you.
* * * LOW HITPOINT WARNING * * *
The orc wizard hits you but does no damage.
The worm bites you.
You die...

#........##,** **,**#.####
#.........#,* *,,*#.##..
#>........#,** **,,*#.##.#
#.........#,,***,,,*#.##.#
#........#*,,,,,,,,*#....#
*,.§....#*********,*###..#
***#...#* ### #.####..#
*#.#####.## #........
#(..w@o..# ########..#
#######.## #......#.#.
##...###.##.....#.
#.###.##.##.#.###. #.#
#.......#.###.
#.###.##.####.....
##...###.####.###. #####
#......###. ######.##..


You could see a worm and an orc wizard (fast).

Vanquished Creatures
  An ooze (D:1)
  A worm (D:2)
  2 dart slugs (D:1)
  2 leopard geckos (D:1)
  3 orcs (D:2)
  3 giant cockroaches
  4 hobgoblins
  6 jackals
  5 kobolds
  A ball python (D:1)
  9 bats
  7 frilled lizards
  3 goblins
  3 rats
50 creatures vanquished.

Notes
Turn   | Place    | Note
-------+----------+-------------------------------------------
     0 | D:1      | Borgoz the Ghoul Gladiator began the quest for the Orb.
     0 | D:1      | Reached XP level 1. HP: 17/17 MP: 0/0
   307 | D:1      | Reached XP level 2. HP: 22/25 MP: 1/1
   673 | D:1      | Reached XP level 3. HP: 23/30 MP: 2/2
   903 | D:1      | Reached skill level 1 in Armour
  1545 | D:2      | Reached XP level 4. HP: 37/37 MP: 3/3
  1772 | D:2      | Found a faded altar of an unknown god.
  1864 | D:2      | Found a hazy altar of Hepliaklqana.
  1864 | D:2      | Found a radiant altar of Vehumet.
  2048 | D:2      | Slain by a worm

Illustrated notes

Levels and vault maps discovered:
D:1:      lemuel_arrival_broad_hall, layout_loops_ring
D:2:      layout_loops_cross, gammafunk_temple_overflow_wave,
          chequers_ecumenical_altar_twisty, st_stairs_11, minmay_tromino_v4_c

Skill      XL: |  1  2  3  4 |
---------------+-------------+-----
Maces & Flails | 3 |  3.3
Dodging        | 3 |  3.2
Armour         | 1 |  1.3
Fighting       | 3 |  3.0
Throwing       | |  1.7

Action                   |  1- 3 |  4- 6 || total
-------------------------+-------+-------++-------
Melee: Flail             |   177 |    32 ||   209
Throw: Throwing net      |       |     1 ||     1
  Use: Scroll            |     5 |     1 ||     6
       Potion            |       |     2 ||     2
Armor: Leather armour    |    77 |       ||    77
       Ring mail         |    13 |    17 ||    30
Dodge: Dodged            |   169 |    19 ||   188
